 Dungeon Crawl Stone Soup version 0.21.0-3-g78d12a8 (webtiles) character file.

185 omnomnOMINOUS the Magician (level 5, 0/34 HPs)
             Began as an Octopode Wizard on Jan 12, 2018.
             Killed from afar by isock's ghost (9 damage)
             ... with a blast of sand
             ... on level 3 of the Dungeon.
             The game lasted 00:08:49 (4282 turns).

omnomnOMINOUS the Magician (Octopode Wizard)        Turns: 4282, Time: 00:08:49

Health: 0/34       AC:  1    Str:  7    XL:     5   Next: 64%
Magic:  5/10       EV: 20    Int: 21    God:
Gold:   221        SH:  0    Dex: 18    Spells: 3/11 levels left

rFire    . . .     SeeInvis .   a - +0 falchion
rCold    . . .     Gourm    .   (no shield)
rNeg     . . .     Faith    .   g - +0 hat
rPois    .         Spirit   .   (no amulet)
rElec    .         Reflect  .   f - +3 ring of dexterity
rCorr    .         Harm     .   (no ring)
MR       .....                  (no ring)
Stlth    ++++......             (no ring)
HPRegen  0.11/turn              (no ring)
MPRegen  0.12/turn              (no ring)
                                (no ring)
                                (no ring)

@: agile
A: almost no armour, stealthy swim, amphibious, 8 rings, constrict 8, camouflage
1, gelatinous body 1
a: no special abilities


You were on level 3 of the Dungeon.
You were not hungry.

You visited 1 branch of the dungeon, and saw 4 of its levels.

You collected 221 gold pieces.

Inventory:

Hand Weapons
 a - a +0 falchion (weapon)
Missiles
 k - 7 javelins (quivered)
Armour
 g - a +0 hat (worn)
Jewellery
 f - a +3 ring of dexterity (left tentacle)
Wands
 m - a wand of flame (20)
Scrolls
 e - a scroll of enchant weapon
 j - 2 scrolls of identify
 l - a scroll of immolation
 n - a scroll of fear
 o - a scroll of teleportation
Potions
 d - a potion of mutation
 h - a potion of agility
 i - a potion of curing
Books
 b - a book of Minor Magic

   Spells                             Type                      Level
   a - Magic Dart                     Conjuration                  1
   b - Blink                          Translocation                2
   c - Call Imp                       Summoning                    2
   d - Slow                           Hexes                        2
   e - Conjure Flame                  Conjuration/Fire             3
   f - Mephitic Cloud                 Conjuration/Poison/Air       3
Comestibles
 c - 7 rations


   Skills:
 + Level 2.1 Fighting
 + Level 3.0 Dodging
 - Level 2.6 Stealth
 + Level 3.7 Spellcasting
 * Level 3.4 Conjurations
 - Level 1.0 Summonings
 - Level 1.0 Translocations


You had 3 spell levels left.
You knew the following spells:

 Your Spells              Type           Power        Failure   Level  Hunger
a - Magic Dart            Conj           ###.         3%          1    None
b - Blink                 Tloc           N/A          12%         2    ##.....
c - Conjure Flame         Conj/Fire      ##......     19%         3    ###....
d - Call Imp              Summ           #.......     12%         2    ##.....


Dungeon Overview and Level Annotations

Branches:
Dungeon (4/15)
 Temple: D:4-7

Altars:

Annotations:
D:3 isock's ghost, amateur GnWn
D:4 Edmund


Innate Abilities, Weirdness & Mutations

You cannot wear most types of armour.
You are very stealthy in the water. (Stealth+)
You are amphibious.
You can wear up to eight rings at the same time.
You can use your tentacles to constrict eight enemies at once.
Your skin changes colour to match your surroundings (Stealth+).
Your rubbery body absorbs attacks. (AC +1, EV +1)


Message History

You closely miss isock's ghost.
Isock's ghost is heavily damaged.
Your shadow imp closely misses isock's ghost.
Your crimson imp closely misses isock's ghost.
Isock's ghost barely misses you.
Your shadow imp completely misses isock's ghost.
Your crimson imp hits isock's ghost.
You completely miss isock's ghost.
Isock's ghost is severely damaged.
Isock's ghost points at you and mumbles some strange words.
The blast of sand misses you.
Your shadow imp closely misses isock's ghost.
Your crimson imp barely misses isock's ghost.
Isock's ghost hits you!
* * * LOW HITPOINT WARNING * * *
You feel agile all of a sudden.
Your shadow imp hits isock's ghost.
Your crimson imp hits isock's ghost.
Isock's ghost casts a spell at you. The blast of sand hits you!
You die...

###..#.###.# #.....
#.(#..>..# #.####
#..###.### #.#
#.5###(# #.#
#...##)########.####
##..##...........<..
#....W..........###
#5W##..#######..#
#5@##†......#...##
#..###.####......#
#................##
#........##........
#.####.#...........
#.***#.####..##.###
#.,,*#.# #..##.###
##*,*#.####..##.##.
*,*#.............


You could see isock's ghost, 2 friendly crimson imps and a friendly shadow imp.

Vanquished Creatures
  A hound (D:4)
  Jessica (D:3)
  Natasha (twice) (D:3)
  Robin (D:3)
  An ooze (D:3)
  2 worms
  A dart slug (D:4)
  4 leopard geckos
  3 hobgoblins (D:3)
  7 jackals
  2 quokkas
  7 bats
  A frilled lizard (D:3)
  15 goblins
  2 kobolds (D:1)
  7 rats
57 creatures vanquished.

Notes
Turn   | Place    | Note
-------+----------+-------------------------------------------
     0 | D:1      | omnomnOMINOUS the Octopode Wizard began the quest for the Orb.
     0 | D:1      | Reached XP level 1. HP: 11/11 MP: 4/4
   868 | D:1      | Reached XP level 2. HP: 12/18 MP: 6/6
   872 | D:1      | Learned a level 2 spell: Call Imp
   875 | D:1      | Learned a level 2 spell: Blink
  1872 | D:3      | Noticed isock's ghost (amateur GnWn)
  1951 | D:3      | Reached XP level 3. HP: 22/22 MP: 4/7
  1957 | D:3      | Learned a level 3 spell: Conjure Flame
  1986 | D:3      | Noticed Robin
  2114 | D:3      | Noticed Natasha
  2134 | D:3      | Reached skill level 1 in Fighting
  2576 | D:3      | HP: 1/23 [Robin/goblin (2)]
  2592 | D:3      | Killed Robin
  2640 | D:3      | HP: 1/23 [Natasha/magic dart (6)]
  2650 | D:3      | Killed Natasha
  2650 | D:3      | Reached XP level 4. HP: 9/28 MP: 3/9
  2962 | D:3      | Noticed Jessica
  2962 | D:3      | Noticed Natasha
  2973 | D:3      | Killed Jessica
  3032 | D:3      | Reached XP level 5. HP: 5/34 MP: 10/10
  3738 | D:4      | Noticed an ogre
  3859 | D:4      | Noticed Edmund
  4101 | D:3      | Killed Natasha
  4282 | D:3      | Killed from afar by isock's ghost

Skill      XL: |  1  2  3  4  5 |
---------------+----------------+-----
Conjurations   | 2 3 |  3.4
Fighting       | 1 2 |  2.1
Dodging        | 3 |  3.0
Stealth        | |  2.6
Spellcasting   | |  3.7
Summonings     | |  1.0
Translocations | |  1.0

Action                   |  1- 3 |  4- 6 || total
-------------------------+-------+-------++-------
Melee: Unarmed           |   115 |    23 ||   138
       Tentacles         |    15 |     5 ||    20
       Constrict         |    29 |     9 ||    38
       Falchion          |       |    27 ||    27
 Cast: Magic Dart        |    28 |    19 ||    47
       Conjure Flame     |       |     3 ||     3
       Call Imp          |       |     3 ||     3
       Blink             |       |     1 ||     1
  Use: Scroll            |    13 |     1 ||    14
       Potion            |     2 |     2 ||     4
 Stab: Sleeping          |     6 |       ||     6
  Eat: Chunk             |     5 |     6 ||    11
Armor: Skin              |    20 |     2 ||    22
Dodge: Dodged            |    93 |    32 ||   125
       Rpst.: Falchion   |       |     6 ||     6
